Map: Old Estate

Players

kamina

  • Race: Zerg Zerg
  • Spawn Location: 3:00

elpascual

  • Race: Protoss Protoss
  • Spawn Location: 1:00

RenzoPaolo

  • Race: Protoss Protoss
  • Spawn Location: 3:00

matrex

  • Race: Zerg Zerg
  • Spawn Location: 1:00

Infamous

  • Race: Protoss Protoss
  • Spawn Location: 7:00

Theking

  • Race: Protoss Protoss
  • Spawn Location: 9:00

AstroLion

  • Race: Terran Terran
  • Spawn Location: 7:00

chinoraper

  • Race: Terran Terran
  • Spawn Location: 7:00

VOD

Have the link to the VOD?

Description

Time

  • Played on: Jan. 24, 2018, 2:50 p.m.
  • Length: 13:22
Show
View Real Time Build Order
Export as new Build Order

kamina Zerg 

Build Orders: 3 Hatch before Pool 

Get SALT Encoding   

  12  0:11  Drone x2  
  14  0:18  Overlord  
  14  0:47  Drone  
  14  0:48  Drone x2  
  17  1:05  Extractor  
  16  1:39  Drone x3  
  19  1:58  Hatchery  
  19  2:01  Hatchery  
  17  2:03  Drone  
  17  2:04  Drone  
  19  2:22  Drone  
  20  2:25  Extractor  
  19  2:32  Spawning Pool  
  18  2:42  Drone, Overlord  
  19  3:00  Drone  
  19  3:02  Drone  
  22  3:20  Zergling x6  
  22  3:25  Drone, Zergling x2  
  26  3:32  Queen  
  26  3:33  Queen  
  30  3:38  Zergling x2  
  30  3:39  Zergling x6  
  34  3:42  Metabolic Boost  
  34  3:47  Drone x2  
  36  3:50  Overlord  
  36  3:56  Queen  
  36  3:59  Drone  
  39  4:20  Overlord x2  
  39  4:21  Drone  
  39  4:22  Drone  
  39  4:23  Drone  
  42  4:27  Drone x2  
  44  4:49  Zergling x10  
  44  4:50  Zergling x8  
  53  4:59  Lair  
  53  5:06  Drone x3  
  56  5:12  Extractor  
  55  5:33  Drone x2  
  57  5:45  Burrow  
  57  6:12  Infestation Pit  
  57  6:13  Drone  
  57  6:20  Drone x2  
  59  6:54  Zergling x12  
  62  6:56  Zergling x2  
  62  6:58  Overlord x3  
  66  7:09  Extractor  
  66  7:15  Nydus Network  
  64  7:39  Zergling x6  
  64  7:42  Zergling x10  
  72  7:54  Hydralisk Den  
  71  8:02  Zergling x2  
  71  8:03  Zergling x2  
  73  8:18  Hive  
  73  8:40  Zergling x10  
  73  8:41  Zergling x2  
  79  9:07  Extractor  
  78  9:17  Extractor  
  78  9:21  Hatchery  
  76  9:28  Zergling x2  
  76  9:29  Zergling x6  
  76  9:30  Hydralisk x2  
  84  9:32  Hydralisk x3  
  90  9:39  Overlord  
  90  9:40  Overlord  
  90  9:42  Overlord  
  90  9:52  Adrenal Glands  
  90  10:16  Lair  
  90  10:40  Hatchery  
  89  10:46  Zergling x2  
  89  10:47  Zergling x8  
  89  10:48  Zergling x2  
  95  10:50  Hydralisk x3  
  95  10:53  Hydralisk x3  
  107  10:59  Pneumatized Carapace  
  107  11:37  Overlord x2  
  107  11:38  Overlord  
  107  11:39  Lurker Den  
  106  11:40  Hydralisk x2  
  106  11:41  Hydralisk  
  106  11:46  Zergling x6  
  115  11:48  Zergling x2  
  115  11:49  Zergling x4  
  118  11:59  Zergling x6  
  121  12:10  Overlord  
  121  12:11  Overlord x2  
  121  12:12  Overlord  
  121  12:13  Overlord x2  
  121  12:44  Zergling x2  
  121  12:45  Zergling x10  
Show
View Real Time Build Order
Export as new Build Order

elpascual Protoss 

Build Orders:  

Get SALT Encoding   

  12  0:56  Assimilator  
  12  0:59  Pylon  
  12  1:04  Probe (Chrono Boost)  
  13  1:14  Probe (Chrono Boost)  
  14  1:21  Probe (Chrono Boost)  
  15  1:30  Probe (Chrono Boost), Gateway  
  16  1:34  Assimilator  
  16  1:35  Probe (Chrono Boost)  
  17  1:47  Probe  
  18  1:59  Probe  
  19  2:11  Probe  
  20  2:23  Probe  
  21  2:31  Cybernetics Core  
  21  2:32  Pylon  
  21  2:35  Probe  
  21  2:36  Pylon  
  22  2:38  Nexus  
  22  3:00  Probe (Chrono Boost)  
  23  3:12  Probe (Chrono Boost)  
  24  3:13  Assimilator  
  24  3:17  Assimilator  
  24  3:18  Probe (Chrono Boost)  
  25  3:21  Stargate  
  25  3:26  Probe  
  26  3:38  Probe  
  27  3:50  Protoss Air Weapons Level 1  
  27  3:59  Stargate  
  27  4:01  Pylon  
  27  4:05  Probe (Chrono Boost)  
  28  4:16  Probe (Chrono Boost)  
  29  4:17  Void Ray  
  29  4:20  Probe (Chrono Boost)  
  34  4:31  Probe  
  36  4:47  Probe x2 (Chrono Boost)  
  37  4:53  Void Ray  
  37  4:57  Probe (Chrono Boost)  
  37  4:59  Probe (Chrono Boost)  
  43  5:02  Probe (Chrono Boost)  
  44  5:08  Probe  
  44  5:12  Void Ray  
  44  5:13  Probe (Chrono Boost)  
  50  5:17  Pylon  
  51  5:25  Probe (Chrono Boost)  
  51  5:26  Probe (Chrono Boost)  
  52  5:30  Stargate  
  52  5:31  Probe (Chrono Boost)  
  53  5:40  Probe  
  54  5:47  Nexus  
  54  5:57  Void Ray  
  58  6:06  Probe (Chrono Boost)  
  59  6:16  Probe (Chrono Boost)  
  60  6:18  Fleet Beacon  
  60  6:21  Pylon, Probe (Chrono Boost)  
  61  6:28  Protoss Air Armor Level 1  
  61  6:43  Void Ray  
  61  6:45  Cybernetics Core  
  65  6:51  Assimilator  
  65  6:56  Assimilator  
  65  7:02  Probe  
  66  7:14  Probe  
  67  7:26  Probe (Chrono Boost)  
  67  7:29  Void Ray x3  
  80  7:38  Probe (Chrono Boost), Protoss Air Weapons Level 2  
  81  7:45  Probe (Chrono Boost)  
  81  7:48  Forge  
  82  7:52  Pylon, Probe  
  82  7:54  Stargate  
  83  8:04  Stargate  
  83  8:05  Probe  
  84  8:25  Void Ray x3  
  96  8:33  Probe (Chrono Boost)  
  97  8:43  Probe (Chrono Boost)  
  98  8:48  Probe (Chrono Boost)  
  99  9:00  Probe, Pylon  
  99  9:02  Protoss Air Armor Level 2  
  100  9:03  Pylon  
  100  9:06  Pylon  
  100  9:08  Pylon  
  100  9:11  Pylon  
  100  9:12  Probe  
  101  9:18  Void Ray x2  
  101  9:21  Void Ray x2  
  101  9:23  Void Ray  
  121  9:27  Graviton Catapult  
  121  9:28  Pylon  
  121  9:30  Pylon  
  121  9:33  Pylon  
  121  9:39  Pylon  
  121  9:43  Stargate  
  121  9:47  Stargate  
  121  9:53  Probe (Chrono Boost)  
  122  10:03  Probe (Chrono Boost)  
  122  10:04  Void Ray x2  
  131  10:08  Probe (Chrono Boost)  
  132  10:19  Probe  
  133  10:21  Void Ray  
  133  10:22  Void Ray  
  141  10:31  Probe  
  142  10:40  Protoss Air Weapons Level 3  
  142  10:58  Void Ray x2  
  150  11:13  Void Ray  
  154  11:20  Protoss Shields Level 1  
  154  11:30  Twilight Council  
  154  11:36  Gateway  
  154  11:38  Gateway  
  154  11:49  Gateway  
  154  11:55  Gateway  
  154  11:56  Void Ray  
  154  11:57  Void Ray  
  154  11:58  Void Ray  
Show
View Real Time Build Order
Export as new Build Order

RenzoPaolo Protoss 

Build Orders:  

Get SALT Encoding   

  12  0:02  Probe (Chrono Boost)  
  13  0:13  Probe (Chrono Boost)  
  14  0:25  Pylon  
  14  0:36  Probe  
  15  0:44  Forge  
  15  0:48  Probe  
  16  0:56  Gateway  
  16  1:06  Probe (Chrono Boost)  
  16  1:10  Assimilator  
  17  1:15  Probe (Chrono Boost)  
  18  1:22  Photon Cannon  
  18  1:31  Photon Cannon  
  18  1:43  Zealot  
  20  2:10  Zealot  
  22  2:17  Photon Cannon  
  22  2:27  Pylon  
  22  2:45  Zealot  
  22  2:47  Pylon  
  24  2:51  Assimilator  
  24  2:52  Probe (Chrono Boost)  
  25  3:02  Probe (Chrono Boost)  
  25  3:03  Pylon  
  26  3:06  Pylon  
  26  3:07  Probe (Chrono Boost)  
  26  3:10  Cybernetics Core  
  27  3:18  Probe  
  28  3:29  Nexus  
  28  3:30  Probe  
  29  3:38  Assimilator  
  29  4:05  Nexus  
  29  4:08  Assimilator  
  29  4:13  Probe (Chrono Boost)  
  30  4:23  Probe (Chrono Boost)  
  31  4:28  Probe (Chrono Boost)  
  32  4:39  Stargate  
  32  4:40  Pylon  
  32  4:44  Pylon  
  32  5:00  Robotics Facility  
  32  5:17  Stargate  
  32  5:19  Probe (Chrono Boost)  
  33  5:29  Probe (Chrono Boost)  
  36  5:37  Probe x2 (Chrono Boost)  
  36  5:40  Probe (Chrono Boost)  
  37  5:44  Probe (Chrono Boost)  
  37  5:46  Probe (Chrono Boost)  
  37  5:47  Probe (Chrono Boost)  
  37  5:49  Probe (Chrono Boost)  
  40  5:54  Stargate  
  40  5:55  Probe (Chrono Boost)  
  43  5:58  Probe (Chrono Boost)  
  44  6:06  Probe (Chrono Boost)  
  44  6:07  Probe (Chrono Boost)  
  44  6:09  Probe (Chrono Boost)  
  46  6:14  Assimilator  
  46  6:15  Probe (Chrono Boost)  
  46  6:16  Probe x2 (Chrono Boost)  
  49  6:24  Probe (Chrono Boost)  
  52  6:27  Probe (Chrono Boost)  
  52  6:28  Probe (Chrono Boost)  
  52  6:31  Probe (Chrono Boost)  
  52  6:32  Assimilator  
  53  6:34  Probe x2 (Chrono Boost)  
  53  6:37  Stargate  
  53  6:39  Probe  
  56  6:44  Stargate  
  56  6:46  Probe, Stargate  
  57  6:53  Probe (Chrono Boost)  
  58  6:58  Probe (Chrono Boost)  
  59  7:07  Probe x2 (Chrono Boost)  
  61  7:12  Probe (Chrono Boost)  
  61  7:15  Probe  
  63  7:24  Probe  
  63  7:27  Probe, Void Ray  
  63  7:28  Void Ray x2  
  77  7:34  Void Ray  
  77  7:36  Probe  
  82  7:39  Probe  
  82  7:42  Void Ray  
  87  7:51  Probe  
  87  7:54  Void Ray  
  92  8:01  Protoss Air Weapons Level 1  
  92  8:04  Probe  
  93  8:16  Probe  
  94  8:28  Probe  
  94  8:31  Observer  
  96  8:34  Void Ray  
  100  8:47  Pylon  
  100  8:51  Pylon  
  100  8:53  Pylon, Observer  
  101  8:58  Pylon  
  101  9:01  Pylon  
  101  9:03  Pylon  
  101  9:05  Void Ray x2  
  101  9:06  Pylon  
  101  9:08  Pylon  
  109  9:15  Probe (Chrono Boost)  
  110  9:24  Probe (Chrono Boost)  
  112  9:25  Probe (Chrono Boost)  
  113  9:31  Probe (Chrono Boost)  
  113  9:33  Probe (Chrono Boost), Void Ray  
  113  9:36  Probe (Chrono Boost)  
  119  9:41  Probe  
  119  9:42  Void Ray  
  124  9:46  Void Ray  
  124  9:48  Probe  
  124  9:52  Void Ray  
  133  9:53  Probe  
  133  9:55  Protoss Air Armor Level 1  
  133  9:58  Void Ray  
  138  10:00  Probe  
  139  10:15  Protoss Shields Level 1  
  139  10:40  Twilight Council  
  139  10:42  Fleet Beacon  
  139  10:47  Robotics Bay  
  139  10:50  Void Ray x4  
  155  11:10  Nexus  
  155  11:14  Assimilator  
  155  11:24  Void Ray x2  
  163  11:30  Pylon  
  163  11:38  Charge  
  163  11:46  Observer Gravitic Boosters  
  163  11:47  Void Ray  
  167  12:25  Assimilator  
  167  12:26  Probe (Chrono Boost)  
  168  12:35  Void Ray x4  
  185  12:37  Probe (Chrono Boost)  
  185  12:42  Probe (Chrono Boost)  
  186  12:44  Pylon  
  186  12:53  Probe, Pylon  
  186  12:56  Pylon  
  187  12:59  Pylon  
  187  13:05  Probe, Pylon  
Show
View Real Time Build Order
Export as new Build Order

matrex Zerg 

Build Orders: 3 Hatch before Pool 

Get SALT Encoding   

  12  0:48  Hatchery  
  11  1:04  Hatchery  
  10  1:08  Drone x2  
  12  1:13  Drone  
  13  1:35  Drone  
  13  1:37  Overlord  
  14  1:55  Spawning Pool  
  13  2:04  Drone x2  
  13  2:05  Drone  
  16  2:11  Extractor  
  15  2:17  Extractor, Drone  
  15  2:18  Drone  
  16  2:28  Drone x2  
  18  2:31  Drone  
  18  2:32  Drone  
  20  2:52  Zergling x4  
  20  2:53  Roach Warren  
  20  2:57  Drone  
  22  3:00  Drone  
  22  3:05  Drone  
  24  3:17  Zergling x4  
  26  3:20  Drone x2  
  26  3:24  Drone  
  29  3:33  Metabolic Boost  
  29  3:48  Roach x2  
  33  3:50  Overlord  
  33  4:00  Lair  
  33  4:05  Drone  
  33  4:07  Overlord  
  34  4:12  Overlord  
  34  4:31  Drone x3  
  37  4:40  Drone x3  
  40  4:46  Zergling x6  
  43  5:05  Roach  
  45  5:11  Roach x3  
  51  5:15  Roach x2  
  55  5:45  Glial Reconstitution  
  55  5:49  Drone x3  
  58  6:00  Overlord x2  
  58  6:01  Overlord  
  58  6:21  Ravager x3  
  58  6:22  Ravager x4  
  65  7:03  Tunneling Claws  
  35  7:30  Zergling x2  
  35  7:31  Zergling x4  
  35  7:36  Zergling x6  
  41  7:43  Zergling x6  
  44  8:06  Zergling x2  
  44  8:07  Zergling x4  
  47  8:20  Zergling x6  
  50  8:28  Zergling x6  
  53  8:46  Spire  
  52  9:20  Nydus Network  
  51  9:28  Hydralisk Den  
  51  9:29  Roach x3  
  51  9:30  Infestation Pit  
  55  9:34  Drone x3  
  58  9:39  Drone x3  
  61  9:53  Queen  
  63  10:00  Mutalisk x2  
  63  10:04  Mutalisk  
  69  10:08  Mutalisk x2  
  69  10:12  Hydralisk  
  75  10:21  Extractor  
  75  10:24  Extractor  
  73  10:29  Queen  
  75  10:37  Extractor  
  74  10:45  Extractor  
  73  11:03  Mutalisk x3  
  79  11:05  Queen  
  81  11:24  Drone  
  82  11:27  Overlord x2  
  82  11:45  Lurker Den, Overlord x2, Queen  
  82  11:46  Overlord  
  83  12:09  Drone x3  
  86  12:17  Drone x3  
  86  12:20  Queen  
  91  12:28  Mutalisk x3  
Show
View Real Time Build Order
Export as new Build Order

Infamous Protoss 

Build Orders:  

Get SALT Encoding   

  12  0:02  Probe  
  13  0:15  Pylon  
  13  0:19  Probe (Chrono Boost)  
  15  0:28  Probe (Chrono Boost)  
  15  0:36  Gateway  
  15  0:42  Probe  
  16  0:55  Probe (Chrono Boost)  
  17  1:03  Assimilator  
  17  1:07  Probe (Chrono Boost)  
  18  1:13  Probe (Chrono Boost)  
  19  1:24  Pylon  
  21  1:25  Zealot  
  21  1:34  Probe  
  21  1:39  Cybernetics Core  
  22  1:42  Assimilator  
  22  1:46  Probe  
  23  1:59  Zealot  
  24  2:06  Pylon  
  24  2:11  Warp Gate (Chrono Boost)  
  24  2:19  Probe  
  25  2:34  Gateway  
  25  2:35  Gateway  
  25  2:39  Gateway  
  25  2:42  Stalker  
  27  3:04  Probe  
  28  3:12  Sentry  
  30  3:16  Probe  
  31  3:29  Nexus  
  31  3:31  Probe  
  32  3:43  Probe  
  33  4:01  Probe (Chrono Boost)  
  34  4:04  Pylon  
  34  4:13  Probe (Chrono Boost)  
  34  4:15  Pylon  
  34  4:16  Forge  
  35  4:30  Stalker x2  
  39  4:34  Pylon  
  39  4:43  Probe (Chrono Boost)  
  40  4:52  Probe (Chrono Boost)  
  42  4:53  Probe (Chrono Boost)  
  42  5:00  Probe  
  42  5:03  Robotics Facility  
  43  5:08  Protoss Air Weapons Level 1 (Chrono Boost)  
  43  5:09  Protoss Ground Weapons Level 1  
  43  5:12  Probe  
  43  5:13  Stalker  
  46  5:16  Sentry x2  
  50  5:30  Probe  
  52  5:42  Probe  
  52  5:47  Assimilator  
  52  5:51  Probe  
  52  5:52  Assimilator  
  52  5:54  Robotics Facility  
  52  5:56  Robotics Facility  
  53  5:57  Sentry x3  
  59  6:08  Probe (Chrono Boost)  
  59  6:09  Probe (Chrono Boost)  
  61  6:20  Observer  
  61  6:22  Probe (Chrono Boost)  
  63  6:27  Stalker  
  63  6:31  Stalker x2  
  63  6:32  Stalker  
  71  6:54  Robotics Bay  
  71  6:56  Probe  
  71  7:01  Immortal  
  76  7:07  Probe  
  64  7:32  Stalker x2  
  64  7:33  Stalker x2  
  72  7:40  Probe  
  73  8:05  Probe (Chrono Boost)  
  74  8:09  Observer Gravitic Boosters  
  74  9:23  Pylon  
  74  9:24  Pylon  
  74  9:25  Pylon  
  74  9:27  Gateway  
  74  9:28  Pylon, Gateway  
  74  9:38  Colossus x2 (Chrono Boost)  
  74  9:39  Colossus (Chrono Boost)  
  92  9:56  Stalker  
  92  9:57  Stalker x2  
  92  9:59  Sentry  
  100  10:24  Colossus  
  106  10:35  Pylon  
  106  10:38  Pylon  
  106  10:53  Colossus  
  112  11:37  Nexus  
  112  11:39  Pylon  
  112  11:42  Pylon  
  112  11:44  Colossus (Chrono Boost)  
  118  11:55  Stalker x3  
  118  11:56  Stalker  
Show
View Real Time Build Order
Export as new Build Order

Theking Protoss 

Build Orders:  

Get SALT Encoding   

  12  0:01  Probe (Chrono Boost)  
  13  0:11  Probe (Chrono Boost)  
  14  0:17  Probe  
  15  0:24  Assimilator  
  15  0:32  Pylon  
  15  0:50  Probe  
  15  0:54  Assimilator  
  16  1:03  Forge  
  16  1:06  Probe (Chrono Boost)  
  17  1:16  Probe (Chrono Boost)  
  18  1:21  Probe (Chrono Boost)  
  19  1:32  Probe  
  20  1:40  Gateway  
  20  1:42  Pylon  
  20  1:45  Probe  
  21  1:57  Probe (Chrono Boost)  
  23  2:09  Probe (Chrono Boost)  
  23  2:24  Nexus  
  23  2:26  Assimilator  
  23  2:29  Probe  
  24  2:31  Assimilator, Zealot  
  26  2:38  Pylon  
  26  2:41  Probe  
  27  2:57  Cybernetics Core  
  27  3:00  Pylon  
  27  3:04  Probe (Chrono Boost)  
  29  3:13  Probe (Chrono Boost)  
  29  3:18  Probe (Chrono Boost)  
  30  3:34  Probe  
  31  3:42  Stargate  
  31  3:46  Pylon  
  33  3:58  Stargate  
  33  4:05  Stargate  
  33  4:17  Pylon  
  33  4:21  Probe (Chrono Boost)  
  34  4:28  Probe (Chrono Boost)  
  36  4:32  Probe (Chrono Boost)  
  36  4:36  Probe (Chrono Boost)  
  36  4:39  Probe (Chrono Boost)  
  36  4:41  Probe (Chrono Boost)  
  36  4:43  Void Ray x2  
  45  4:48  Probe, Void Ray  
  45  4:52  Probe  
  51  4:58  Pylon  
  51  5:01  Stargate  
  51  5:13  Pylon  
  51  5:14  Pylon  
  51  5:22  Probe (Chrono Boost)  
  52  5:33  Probe (Chrono Boost)  
  52  5:35  Protoss Air Weapons Level 1 (Chrono Boost)  
  54  5:38  Probe (Chrono Boost)  
  55  5:42  Probe (Chrono Boost)  
  55  5:45  Probe (Chrono Boost)  
  55  5:48  Cybernetics Core  
  57  5:50  Probe x2 (Chrono Boost), Pylon  
  58  5:58  Fleet Beacon  
  58  6:01  Probe  
  59  6:13  Pylon  
  59  6:15  Pylon  
  59  6:18  Pylon  
  59  6:39  Void Ray x2  
  63  6:41  Void Ray  
  63  6:43  Void Ray  
  75  6:47  Protoss Shields Level 1 (Chrono Boost)  
  75  7:01  Stargate  
  75  7:04  Twilight Council  
  75  7:10  Pylon  
  87  7:57  Void Ray (Chrono Boost)  
  87  7:58  Void Ray x2 (Chrono Boost)  
  91  8:03  Void Ray (Chrono Boost)  
  91  8:05  Void Ray (Chrono Boost)  
  95  8:35  Nexus  
  95  8:45  Assimilator  
  95  8:50  Assimilator  
  95  8:57  Pylon  
  95  9:02  Pylon  
  95  9:11  Probe (Chrono Boost)  
  96  9:22  Probe (Chrono Boost), Void Ray  
  96  9:23  Void Ray  
  105  9:24  Void Ray  
  105  9:25  Void Ray x2  
  105  9:26  Probe (Chrono Boost)  
  105  9:27  Protoss Air Weapons Level 2 (Chrono Boost)  
  118  9:37  Probe  
  119  9:46  Photon Cannon  
  119  9:49  Probe (Chrono Boost), Photon Cannon  
  120  9:58  Probe (Chrono Boost)  
  121  10:03  Probe (Chrono Boost)  
  122  10:15  Probe  
  123  10:35  Protoss Shields Level 2 (Chrono Boost)  
  123  10:40  Void Ray  
  123  10:41  Void Ray x4  
  143  10:54  Pylon  
  143  11:07  Probe (Chrono Boost)  
  144  11:13  Pylon  
  144  11:16  Pylon  
  144  11:17  Probe (Chrono Boost)  
  145  11:21  Templar Archives  
  145  11:22  Probe (Chrono Boost), Pylon  
  146  11:47  Void Ray x4  
  146  11:48  Void Ray  
Show
View Real Time Build Order
Export as new Build Order

AstroLion Terran 

Build Orders: Mech 

Get SALT Encoding   

  12  0:02  SCV  
  13  0:14  SCV  
  14  0:36  Supply Depot, SCV  
  14  0:41  Refinery  
  15  0:51  Refinery  
  15  0:57  SCV  
  15  1:01  Barracks  
  16  1:10  SCV  
  17  1:21  Supply Depot  
  17  1:22  SCV  
  18  1:34  SCV  
  19  1:46  SCV  
  20  1:52  Barracks Tech Lab, Engineering Bay  
  20  1:59  Barracks  
  20  2:00  SCV  
  21  2:12  SCV  
  22  2:16  Marine  
  23  2:24  SCV  
  24  2:34  Marine  
  24  2:35  Factory  
  24  2:36  SCV  
  26  2:48  Barracks Reactor  
  26  2:52  Marine  
  26  2:57  Orbital Command  
  27  3:10  Marine  
  28  3:24  Armory  
  28  3:26  Factory Tech Lab  
  28  3:28  Marine  
  29  3:46  Marauder  
  31  3:51  Command Center  
  31  3:58  Supply Depot  
  31  4:13  Marauder  
  31  4:14  Siege Tank  
  36  4:19  Armory  
  36  4:27  SCV  
  37  4:34  Marine  
  38  4:39  SCV  
  39  4:47  Refinery x2  
  39  4:51  SCV  
  39  4:52  Marine  
  41  4:54  Siege Tank  
  44  5:03  SCV x2  
  46  5:13  Marine  
  47  5:15  SCV  
  48  5:27  SCV  
  49  5:32  Marauder  
  49  5:34  Siege Tank  
  54  5:36  Marine  
  54  5:37  Marine  
  56  5:48  SCV  
  57  5:53  SCV  
  58  5:57  Terran Vehicle Weapons Level 1  
  58  6:00  SCV  
  59  6:05  SCV  
  59  6:11  Factory  
  60  6:12  Marine, SCV  
  62  6:19  Marine x2  
  62  6:23  Supply Depot  
  62  6:24  SCV  
  65  6:29  Siege Tank  
  65  6:30  Marine  
  69  6:37  SCV  
  70  6:46  Supply Depot  
  70  6:48  Marauder  
  70  6:49  SCV  
  73  6:58  Factory Tech Lab  
  73  7:01  SCV, Thor  
  74  7:05  Starport  
  74  7:06  Terran Vehicle And Ship Armor Level 1  
  80  7:11  Terran Infantry Weapons Level 1  
  80  7:21  Thor  
  86  7:25  SCV  
  87  7:37  SCV  
  87  7:41  Marine x2  
  87  7:43  Starport Tech Lab  
  90  7:49  SCV  
  91  7:53  Starport  
  91  7:55  Siege Tank  
  94  8:07  Supply Depot  
  94  8:15  Marauder  
  94  8:17  Marine x2  
  98  8:21  Siege Tank  
  98  8:23  Terran Vehicle Weapons Level 2  
  101  8:28  Banshee  
  101  8:31  Supply Depot  
  101  8:32  Combat Shields  
  104  8:36  Starport Tech Lab  
  104  8:43  Marine x2  
  104  8:46  Marauder  
  108  8:53  Supply Depot, Engineering Bay  
  108  8:55  Smart Servos  
  108  9:05  Hellbat  
  108  9:06  Terran Infantry Armor Level 1  
  110  9:14  Infernal Pre-Igniter  
  110  9:18  Cloaking Field  
  110  9:24  Banshee  
  110  9:27  Hellbat  
  115  9:31  Orbital Command  
  115  9:42  Missile Turret  
  115  9:44  Missile Turret  
  115  9:48  Marine x2, Hellbat  
  115  9:51  Concussive Shells  
  119  9:56  Terran Infantry Weapons Level 2  
  119  10:02  Armory  
  119  10:03  Terran Ship Weapons Level 1  
  119  10:04  Missile Turret x2  
  119  10:06  Marine x2  
  121  10:10  Hellbat  
  123  10:23  Supply Depot  
  123  10:26  Missile Turret  
  123  10:39  Missile Turret, Terran Vehicle And Ship Armor Level 2  
  123  10:47  Banshee  
  126  10:50  Banshee  
  126  10:54  Marauder  
  131  11:00  Missile Turret  
  131  11:10  Thor  
  137  11:21  Missile Turret  
  137  11:30  SCV  
  138  11:34  Banshee  
  141  11:42  SCV  
  141  11:43  Missile Turret  
  142  11:48  Supply Depot  
  142  12:03  Missile Turret  
  142  12:06  Hellbat  
  144  12:10  Supply Depot  
  144  12:16  Thor  
  150  12:26  Banshee  
  150  12:27  Hellbat  
  155  12:48  Hellbat  
  157  12:52  Marine  
  157  12:53  Marine x2  
Show
View Real Time Build Order
Export as new Build Order

chinoraper Terran 

Build Orders:  

Get SALT Encoding   

  12  0:32  Supply Depot  
  12  0:33  SCV  
  13  0:45  SCV  
  14  0:57  SCV  
  14  1:02  Refinery  
  15  1:07  Refinery  
  15  1:09  SCV  
  16  1:21  SCV  
  17  1:33  SCV  
  18  1:45  SCV  
  19  1:51  Command Center  
  19  1:57  SCV  
  20  2:10  SCV  
  21  2:16  Barracks  
  21  2:20  Barracks  
  21  2:22  SCV  
  22  2:34  SCV  
  23  3:02  Supply Depot  
  23  3:03  SCV  
  24  3:11  Barracks Reactor  
  24  3:12  Command Center  
  24  3:15  SCV  
  24  3:16  Factory  
  25  3:25  Supply Depot  
  25  3:27  SCV  
  26  3:39  SCV  
  27  3:43  SCV  
  28  3:51  SCV  
  28  3:55  Supply Depot, SCV  
  30  4:03  SCV  
  30  4:06  Factory Tech Lab  
  30  4:08  SCV  
  32  4:14  Factory  
  32  4:16  SCV  
  33  4:20  SCV  
  33  4:21  Supply Depot  
  34  4:24  Refinery  
  34  4:25  Refinery  
  34  4:28  SCV  
  34  4:31  Refinery  
  35  4:32  SCV  
  35  4:33  Refinery  
  36  4:48  Engineering Bay  
  36  4:51  Supply Depot  
  36  5:01  Factory Tech Lab  
  36  5:11  Barracks  
  36  5:12  SCV  
  37  5:15  Supply Depot, SCV  
  38  5:24  SCV  
  38  5:27  SCV  
  40  5:36  SCV  
  40  5:39  SCV  
  42  5:48  SCV  
  43  6:00  SCV  
  44  6:12  Starport  
  44  6:16  Starport  
  44  6:19  Orbital Command  
  44  6:20  Orbital Command  
  44  6:24  Orbital Command  
  44  6:33  Barracks Reactor  
  44  6:51  Sensor Tower  
  44  6:52  SCV  
  45  6:55  SCV  
  46  7:03  Starport  
  46  7:05  SCV  
  46  7:07  Starport  
  46  7:08  SCV  
  48  7:15  Missile Turret  
  48  7:17  SCV  
  48  7:20  SCV  
  50  7:28  Siege Tank x2  
  50  7:29  SCV  
  57  7:32  SCV  
  58  7:37  Missile Turret  
  58  7:41  SCV  
  60  7:44  SCV  
  60  7:53  SCV  
  60  7:56  SCV  
  62  7:58  Missile Turret  
  62  8:00  Siege Tank x2  
  62  8:05  SCV  
  69  8:08  SCV  
  70  8:17  SCV  
  71  8:20  SCV  
  71  8:25  Missile Turret  
  72  8:28  Starport  
  72  8:29  SCV  
  72  8:32  SCV  
  74  8:41  SCV  
  74  8:44  SCV  
  74  8:45  Sensor Tower  
  76  8:51  Sensor Tower  
  76  8:53  SCV  
  77  8:56  SCV  
  78  9:06  SCV  
  78  9:08  SCV  
  80  9:18  SCV  
  80  9:21  SCV  
  82  9:28  Starport Tech Lab x4  
  82  9:30  SCV  
  83  9:33  SCV  
  83  9:34  Starport Tech Lab  
  84  9:41  Supply Depot  
  84  9:50  Missile Turret  
  84  10:04  Supply Depot  
  84  10:05  Missile Turret  
  84  10:12  Missile Turret  
  84  10:26  Fusion Core  
  84  10:28  Missile Turret  
  84  10:41  Command Center  
  84  10:45  Missile Turret  
  84  10:57  Missile Turret  
  84  11:04  Missile Turret  
  84  11:14  Supply Depot  
  84  11:18  Missile Turret  
  84  11:30  Missile Turret  
  84  11:36  Supply Depot, Weapon Refit  
  84  11:44  Ghost Academy  
  84  11:49  Missile Turret  
  84  11:55  Missile Turret  
  84  12:00  SCV  
  85  12:03  SCV  
  86  12:10  SCV  
  86  12:15  SCV  
  88  12:16  Supply Depot, Missile Turret  
  88  12:22  SCV  
  119  12:34  SCV  
  120  12:39  Supply Depot  
  120  12:46  SCV  
  120  12:47  Missile Turret  
  121  12:53  Armory  
  121  12:58  SCV  
  121  13:05  Missile Turret  
Tags
 
Add a new tag
Caveats
  • Supply blocks, unpowered buildings, or Contaminate may cause inaccurate times.
  • Supply counts are checked every 10 seconds.